Map: Overgrowth LE (Void)

Players

Musumeci

  • Race: Zerg Zerg
  • League: Diamond
  • Spawn Location: 7:00

SmokedSloth - Winner!

  • Race: Terran Terran
  • League: Diamond
  • Spawn Location: 1:00

VOD

Have the link to the VOD?

Description

Time

  • Played on: Jan. 15, 2017, 12:20 p.m.
  • Length: 4:48
Show
View Real Time Build Order
Export as new Build Order

Musumeci Zerg 

Build Orders: Pool Only, Ravager All-In 

Get SALT Encoding   

  12  0:01  Drone  
  13  0:08  Drone  
  14  0:17  Drone, Extractor  
  15  0:33  Spawning Pool  
  14  0:36  Extractor  
  14  0:37  Drone  
  14  0:39  Extractor  
  14  0:44  Overlord  
  14  1:02  Drone  
  14  1:03  Drone x2  
  17  1:20  Zergling x2  
  17  1:24  Drone  
  17  1:25  Roach Warren  
  18  1:28  Queen  
  20  1:36  Extractor, Overlord  
  19  2:04  Roach  
  19  2:05  Roach  
  19  2:08  Roach  
  25  2:28  Ravager x2  
  27  2:34  Ravager  
  27  2:35  Overlord  
  30  2:44  Roach  
  30  2:47  Overlord  
  30  2:56  Roach  
  30  2:57  Roach x2  
  35  3:07  Ravager  
  36  3:32  Ravager  
  37  3:35  Roach x3  
  34  3:52  Ravager  
  35  4:01  Roach  
  26  4:25  Ravager x2  
Show
View Real Time Build Order
Export as new Build Order

SmokedSloth Terran - Winner!

Build Orders: Cyclone Opening 

Get SALT Encoding   

  12  0:01  SCV  
  13  0:13  SCV  
  14  0:17  Supply Depot  
  14  0:25  SCV  
  15  0:28  Refinery  
  15  0:39  SCV  
  16  0:45  Barracks  
  16  0:51  SCV  
  17  0:57  Refinery  
  17  1:03  SCV  
  18  1:15  SCV  
  19  1:32  Orbital Command  
  19  1:34  Factory  
  19  1:35  Barracks Reactor  
  19  1:46  Supply Depot  
  19  1:57  SCV  
  21  2:15  SCV  
  21  2:21  Barracks Reactor  
  21  2:25  Cyclone x2  
  28  2:30  SCV  
  28  2:32  Supply Depot  
  28  2:45  SCV  
  29  2:57  Cyclone  
  32  2:58  Marine x2  
  32  3:02  Cyclone  
  37  3:07  SCV  
  38  3:15  Supply Depot  
  38  3:16  Marine  
  39  3:36  Marine  
  39  3:37  Marine  
  39  3:38  Cyclone x2  
  40  3:54  Marine  
  41  4:08  Supply Depot  
  41  4:10  Cyclone  
  44  4:20  Marine x2  
  44  4:23  Hellion  
Tags
 
Add a new tag
Caveats
  • Supply blocks, unpowered buildings, or Contaminate may cause inaccurate times.
  • Supply counts are checked every 10 seconds.